 Dungeon Crawl Stone Soup version 0.31-a0-986-g5e6e4ef867 (webtiles) character file.

Game seed: 15184750462514765959

47668 Pooter the Severer (level 14, -4/193 HPs)
             Began as a Minotaur Berserker on Nov 4, 2023.
             Was a Priest of Trog.
             Slain by an orc knight
             ... wielding a +0 great sword
              (18 damage)
             ... on level 1 of the Orcish Mines.
             The game lasted 01:39:33 (28577 turns).

Pooter the Severer (Minotaur Berserker)            Turns: 28577, Time: 01:39:33

Health: -4/193     AC: 18    Str: 27    XL:     14   Next: 9%
Magic:  0/13       EV:  8    Int:  4    God:    Trog [***...]
Gold:   968        SH:  0    Dex: 19    Spells: 13/13 levels left

rFire   . . .        a - +2 battleaxe
rCold   . . .        (shield currently unavailable)
rNeg    . . .        I - +1 plate armour
rPois   .            (helmet restricted)
rElec   .            W - scarf {repulsion}
rCorr   .            A - +2 pair of gloves {Dex+3}
SInv    .            D - +2 pair of boots
Will    ++...        G - amulet of guardian spirit Stlth
                     h - ring of willpower
HPRegen 0.52/turn    K - +6 ring of dexterity
MPRegen 0.13/turn

%: repel missiles, guardian spirit
@: berserking, very quick
A: horns 2, retaliatory headbutt
a: Renounce Religion, Berserk, Trog's Hand


You were on level 1 of the Orcish Mines.
You worshipped Trog.
Trog was most pleased with you.
You visited 3 branches of the dungeon, and saw 18 of its levels.
You also visited: Bailey.

You collected 1414 gold pieces.
You spent 446 gold pieces at shops.

Inventory:

Hand Weapons
 a - a +2 battleaxe (weapon)
   (You took it off a wight on level 9 of the Dungeon)
 b - a +0 arbalest
   (You took it off an orc on level 6 of the Dungeon)
 j - a +4 morningstar
   (You took it off a wight on level 9 of the Dungeon)
 H - a +0 broad axe
   (You took it off an orc warrior in a bailey)
 O - a +2 flail of holy wrath
   (You took it off an orc priest on level 8 of the Dungeon)
 S - a +0 war axe of flaming
   (You took it off a kobold brigand in a bailey)
Missiles
 o - 48 poisoned darts
 s - a throwing net {!f}
 v - 28 boomerangs
 B - 4 silver javelins
 C - 20 curare-tipped darts (quivered)
 E - 6 atropa-tipped darts
 F - 4 datura-tipped darts
 Q - 4 stones
Armour
 w - a scarf of invisibility
   (You found it on level 5 of the Dungeon)
 z - a +0 ring mail of fire resistance
   (You took it off a gnoll sergeant on level 6 of the Dungeon)
 A - a +2 pair of gloves of dexterity (worn)
   (You found it on level 2 of the Lair of Beasts)
 D - a +2 pair of boots (worn)
   (You found it on level 3 of the Lair of Beasts)
 I - a +1 plate armour (worn)
   (You took it off a kobold on level 6 of the Dungeon)
 J - a +0 ring mail of cold resistance
   (You found it in a bailey)
 W - a scarf of repulsion (worn)
   (You found it on level 11 of the Dungeon)
Jewellery
 c - a +4 ring of protection
   (You found it on level 1 of the Lair of Beasts)
 h - a ring of willpower (left hand)
   (You found it in a bailey)
 G - an amulet of guardian spirit (around neck)
   (You found it on level 5 of the Lair of Beasts)
 K - a +6 ring of dexterity (right hand)
   (You found it on level 7 of the Dungeon)
 N - a ring of positive energy
   (You found it on level 10 of the Dungeon)
 P - a ring of poison resistance
   (You found it on level 5 of the Lair of Beasts)
Wands
 d - a wand of iceblast (1)
   (You found it on level 9 of the Dungeon)
 f - a wand of flame (10)
   (You found it on level 11 of the Dungeon)
 y - a wand of mindburst (8)
   (You found it in a bailey)
 L - a wand of polymorph (11)
   (You took it off an orc warrior in a bailey)
Scrolls
 e - 2 scrolls of blinking
 g - 2 scrolls of revelation
 i - 4 scrolls of identify {@r1}
 p - 3 scrolls of noise {!r}
 t - 3 scrolls of teleportation {@r4}
 u - 6 scrolls of fear
 M - 3 scrolls of immolation {!r}
 Y - a scroll of poison {!r}
 Z - a scroll of fog
Potions
 k - a potion of might
 l - a potion of cancellation
 m - a potion of invisibility
 n - 6 potions of attraction {!q}
 q - 3 potions of lignification {!q}
 r - 2 potions of haste {@q3}
 x - a potion of resistance
 T - 2 potions of enlightenment
 U - 3 potions of heal wounds {@q2}
 V - 10 potions of curing {@q1}
 X - a potion of mutation {!q}
Miscellaneous
 R - a lightning rod (4/4) {!a}
   (You found it on level 10 of the Dungeon)


   Skills:
 + Level 13.1 Fighting
 * Level 17.6 Axes
 - Level 4.6 Staves
 * Level 14.7 Ranged Weapons
 - Level 2.4 Armour
 - Level 2.1 Dodging
 - Level 6.0 Stealth
 + Level 6.4 Evocations


You had 13 spell levels left.
You didn't know any spells.
Your spell library was empty.

Dungeon Overview and Level Annotations

Branches:
Dungeon (11/15) Zot: 24869  Temple (0/1) D:7            Lair (5/5) D:8 Zot: 18099
  Swamp (0/4) Lair:3        Snake (0/4) Lair:2        Slime (0/5) Lair:4
    Orc (2/2) D:11 Zot: 10423     Elf (0/3) Orc:2        Bailey (visited)

Altars:
Trog
Uskayaw
Jiyva

Shops:
D:4 !   D:8 ***   Orc:1 (

Annotations:
D:3 1 runed translucent door, Crazy Yiuf
D:8 2 transporters, Doj's ghost, novice MiFi
Lair:4 3 runed translucent doors, Zyxuithu's ghost, journeyman MeSh
Orc:1 3 runed translucent doors, Lobster4's ghost, journeyman MiHu


Innate Abilities, Weirdness & Mutations

You have a pair of horns on your head.
You reflexively headbutt those who attack you in melee.


Message History

There is a stone staircase leading down, spattered with blood here.
You climb downwards.
The troll shouts!
The orc warrior shouts!
The orc shouts! x2; The ogre shouts!
The orc knight hits you but does no damage.
An orc comes into view. It is wielding a +0 club.
An orc warrior comes into view. It is wielding a +0 halberd.
The orc warlord hits you with a +3 long sword of holy wrath.
The orc knight roars a battlecry!
The orcs go into a battle-frenzy!
The orc knight hits you with a +0 long sword.
The orc warlord roars a battlecry!
The orc knight goes into a battle-frenzy!
The orc knight hits you with a +0 great sword!!
There is a stone staircase leading up, spattered with blood here.
The orc knight hits you but does no damage.
The orc warlord roars a battlecry!
The orcs go into a battle-frenzy!
The orc knight hits you with a +0 great sword!
You climb upwards.
Level annotation: 3 runed translucent doors, Lobster4's ghost, journeyman MiHu
There is a stone staircase leading down, spattered with blood here.
A red film seems to cover your vision as you go berserk!
You feel yourself moving faster!
You feel mighty!
The orc knight hits you with a +0 long sword!
The orc warlord hits you with a +3 long sword of holy wrath!!
The orc knight closely misses you.
You slice the orc warlord!! You closely miss the orc knight. x2
You hit the orc warlord. You headbutt the orc warlord!
You barely miss the orc knight.
You hit the orc knight but do no damage.
The orc warlord hits you with a +3 long sword of holy wrath!!!
* * * LOW HITPOINT WARNING * * *
The orc knight hits you with a +0 long sword!
* * * LOW MAGIC WARNING * * *
* * * LOW HITPOINT WARNING * * *
The orc knight barely misses you.
You slash the orc warlord! You barely miss the orc knight.
You slash the orc knight! You carve the orc warlord like a ham!!!
Your headbutt misses the orc warlord.
You hit the orc knight but do no damage.
You hit the orc knight.
The orc warlord hits you with a +3 long sword of holy wrath!!
* * * LOW MAGIC WARNING * * *
* * * LOW HITPOINT WARNING * * *
The orc knight hits you with a +0 long sword!!
* * * LOW MAGIC WARNING * * *
* * * LOW HITPOINT WARNING * * *
The orc knight hits you with a +0 great sword!!
* * * LOW MAGIC WARNING * * *
You die...

................................#
.......#....#.........[.....)....
...).....................).......
....................[<..[.)..#...
#...................))[...)......
)....#.#....#...)...[.....#......
......##.#.##.......[...)###....#
.....##........o...............##
.....###........@[...........^..#
......#.........oo#..........#.##
.....#........).............####
.....#...................#.##
....#.........#.##.........##
..#..#........###.##..#.....#
##......####.###......##...##
##..#.## ### ##.##.####.## ######
###### ###


You could see an orc warlord (strong) and 2 orc knights.

Vanquished Creatures
  4 hydras
  A fire dragon (Lair:5)
  A catoblepas (Lair:4)
  A boulder beetle (D:11)
  A two-headed ogre (Orc:1)
  The ghost of lunkers the Martial Artist, a novice MeSh of Ru (D:9)
  4 death yaks (Lair:5)
  2 orc high priests (Orc:2)
  2 skysharks
  3 lindwurms
  2 orc knights
  An ugly thing (D:11)
  3 oklob plants
  A cyclops (D:11)
  5 black mambas
  3 molten gargoyles (Lair:5)
  6 cane toads
  A kobold demonologist (D:9)
  2 rime drakes
  13 komodo dragons
  3 polar bears
  4 trolls
  A hornet (D:9)
  9 blink frogs
  A vampire (D:11)
  4 fire bats
  11 wyverns
  47 yaks
  A wraith (D:11)
  7 basilisks
  3 steam dragons
  2 wargs
  Edmund (D:6)
  2 swamp worms (Lair:3)
  An acid dragon (D:6)
  12 water moccasins
  5 hell hounds (Lair:5)
  2 black bears
  2 ice beasts (D:8)
  2 sky beasts
  23 orc warriors
  4 ogres
  12 wolves
  10 centaurs
  4 phantoms
  12 kobold brigands
  8 bullfrogs
  3 gnoll sergeants
  A scorpion (Lair:1)
  13 wights (D:9)
  3 killer bees (D:8)
  9 howler monkeys
  6 electric eels
  3 lava snakes (Lair:5)
  A wyvern simulacrum (D:8)
  A jelly (D:6)
  A hound (D:6)
  A gnoll bouda (D:8)
  8 orc priests
  3 iguanas
  Terence (D:2)
  A sleepcap (D:6)
  5 orc wizards
  5 hell rats (Lair:5)
  17 gnolls
  10 adders
  A shadow imp (D:6)
  3 white imps
  2 ufetubi (D:5)
  A worm (D:4)
  3 dart slugs
  40 orcs
  6 ball pythons
  10 endoplasms
  2 giant cockroaches
  9 hobgoblins
  3 jackals (D:1)
  41 kobolds
  6 quokkas
  6 bats
  3 frilled lizards (D:1)
  5 goblins
  A rat (D:2)
484 creatures vanquished.

Notes
Turn   | Place    | Note
-------+----------+-------------------------------------------
     0 | D:1      | Pooter the Minotaur Berserker began the quest for the Orb.
     0 | D:1      | Reached XP level 1. HP: 19/19 MP: 0/0
   250 | D:1      | Found a faded altar of an unknown god.
   261 | D:1      | Reached XP level 2. HP: 27/27 MP: 1/1
   301 | D:1      | Reached skill level 4 in Axes
   316 | D:1      | Reached skill level 1 in Stealth
   551 | D:1      | Reached XP level 3. HP: 30/33 MP: 2/2
   636 | D:1      | Reached ** piety under Trog
  1347 | D:2      | Reached XP level 4. HP: 33/40 MP: 3/3
  1581 | D:2      | Noticed Terence
  1590 | D:2      | Killed Terence
  1591 | D:2      | Reached skill level 5 in Axes
  1868 | D:3      | Reached XP level 5. HP: 37/47 MP: 4/4
  2011 | D:3      | Found a runed translucent door.
  2012 | D:3      | Noticed Crazy Yiuf
  2861 | D:4      | Found Zeejesyp's Distillery.
  2867 | D:4      | Bought a potion of curing for 42 gold pieces
  2867 | D:4      | Bought a potion of invisibility for 112 gold pieces
  3176 | D:5      | Entered Level 5 of the Dungeon
  3223 | D:5      | Noticed a black bear
  3231 | D:5      | Killed a black bear
  3232 | D:5      | Reached XP level 6. HP: 55/55 MP: 5/5
  3268 | D:5      | Noticed a yak
  3275 | D:5      | Noticed a yak
  3275 | D:5      | Noticed a yak
  3278 | D:5      | Noticed a yak
  3279 | D:5      | Noticed a yak
  3279 | D:5      | Noticed a yak
  3306 | D:5      | Reached skill level 5 in Fighting
  3306 | D:5      | Reached skill level 6 in Axes
  3895 | D:5      | Killed a yak
  3896 | D:5      | Reached XP level 7. HP: 61/61 MP: 6/6
  4275 | D:4      | Killed a yak
  4276 | D:4      | Reached skill level 7 in Axes
  4317 | D:5      | Killed a yak
  4318 | D:5      | Reached skill level 5 in Stealth
  4526 | D:4      | Killed a yak
  4527 | D:4      | Reached skill level 8 in Axes
  4527 | D:4      | Reached XP level 8. HP: 70/70 MP: 7/7
  5142 | D:6      | Reached skill level 1 in Staves
  5142 | D:6      | Reached skill level 1 in Ranged Weapons
  5185 | D:6      | Reached skill level 9 in Axes
  5802 | D:6      | Reached XP level 9. HP: 34/79 MP: 8/8
  6056 | D:6      | Noticed a +0 short sword
  6056 | D:6      | Noticed a +0 dagger
  6057 | D:6      | Noticed a +0 dagger
  6057 | D:6      | Noticed a +0 spear
  6057 | D:6      | Noticed a +0 falchion
  6058 | D:6      | Noticed a +0 short sword
  6058 | D:6      | Noticed a +0 spear
  6072 | D:6      | Noticed a +0 falchion
  6332 | D:6      | Noticed Edmund
  6361 | D:6      | Killed Edmund
  6492 | D:6      | Found a hide-covered altar of Uskayaw.
  6682 | D:7      | Found a staircase to the Ecumenical Temple.
  6727 | D:7      | Found a flagged portal.
  6756 | Bailey   | Entered a bailey
  6867 | Bailey   | Noticed an orc knight
  6879 | Bailey   | Killed an orc knight
  6880 | Bailey   | Reached skill level 10 in Axes
  6880 | Bailey   | Reached skill level 5 in Ranged Weapons
  6951 | Bailey   | Reached XP level 10. HP: 38/89 MP: 9/9
  7061 | Bailey   | Found an iron altar of Okawaru.
  7706 | D:7      | Reached *** piety under Trog
  7795 | D:8      | Reached skill level 11 in Axes
  8073 | D:4      | Bought a potion of resistance for 140 gold pieces
  8155 | D:8      | Found a transporter.
  8333 | D:8      | Found a staircase to the Lair.
  8348 | D:8      | Found Kong's Specific Store.
  8352 | D:8      | You fall into a shaft and drop 1 floor!
  8408 | D:9      | Paralysed by a hornet for 2 turns
  8480 | D:9      | Reached skill level 12 in Axes
  8792 | D:9      | Noticed a sun demon
  9140 | D:9      | Found a runed translucent door.
  9140 | D:9      | Noticed lunkers's ghost (novice MeSh)
  9315 | D:9      | Reached XP level 11. HP: 92/99 MP: 10/10
  9694 | D:8      | Found Hudiqop's General Store.
  9704 | D:8      | Bought a scroll of blinking for 82 gold pieces
 10030 | D:8      | Found a transporter.
 10254 | D:8      | Noticed Doj's ghost (novice MiFi)
 10398 | D:8      | Found Haoto's General Store.
 10481 | D:8      | Found a bloodstained altar of Trog.
 11080 | D:9      | Reached skill level 13 in Axes
 11283 | D:9      | Reached skill level 10 in Fighting
 11431 | D:9      | Killed lunkers's ghost
 11502 | D:10     | Entered Level 10 of the Dungeon
 11809 | D:10     | Found the +9 sword of Zonguldrok {reap}
 12227 | D:10     | Reached skill level 10 in Ranged Weapons
 12227 | D:10     | Reached skill level 1 in Evocations
 12627 | D:4      | Bought a potion of enlightenment for 70 gold pieces
 13012 | Lair:1   | Entered Level 1 of the Lair of Beasts
 13563 | Lair:1   | Reached skill level 14 in Axes
 14566 | Lair:2   | Found a staircase to the Snake Pit.
 15050 | Lair:2   | Reached XP level 12. HP: 93/108 MP: 11/11
 15330 | Lair:3   | HP: 2/108 [swamp worm/harpoon shot (10)]
 16598 | Lair:3   | Noticed a six-headed hydra
 16611 | Lair:3   | Killed a one-headed hydra
 16817 | Lair:3   | Identified the +0 cloak of Least Resistance {-Tele rC+
                  | Dex+3}
 16838 | Lair:3   | Reached skill level 15 in Axes
 17506 | Lair:3   | Found a staircase to the Swamp.
 17856 | Lair:4   | Noticed a catoblepas
 18413 | Lair:4   | Killed a catoblepas
 19213 | Lair:4   | Noticed a seven-headed hydra
 19218 | Lair:4   | Killed a six-headed hydra
 19808 | Lair:4   | Noticed a seven-headed hydra
 19819 | Lair:4   | Killed a one-headed hydra
 20326 | Lair:4   | Found a viscous altar of Jiyva.
 20327 | Lair:4   | Found a staircase to the Slime Pits.
 20794 | Lair:4   | Reached XP level 13. HP: 73/117 MP: 12/12
 21330 | Lair:4   | Reached skill level 16 in Axes
 21823 | Lair:4   | Found a runed translucent gate.
 21827 | Lair:4   | Found a runed translucent gate.
 21830 | Lair:4   | Found a runed translucent gate.
 21945 | Lair:4   | Noticed Zyxuithu's ghost (journeyman MeSh)
 22000 | Lair:4   | Identified the +5 chain mail of Uskayaw's Approval {Contam
                  | Dex+4 Stlth+}
 22219 | Lair:5   | Entered Level 5 of the Lair of Beasts
 22229 | Lair:5   | Reached skill level 5 in Evocations
 24323 | Lair:5   | Reached skill level 17 in Axes
 24450 | Lair:5   | Found a large runed translucent door.
 24450 | Lair:5   | Found a large runed translucent door.
 24487 | Lair:5   | Noticed a fire dragon
 24503 | Lair:5   | Killed a fire dragon
 26848 | D:11     | Found a staircase to the Orcish Mines.
 27030 | Orc:1    | Entered Level 1 of the Orcish Mines
 27078 | Orc:1    | Reached **** piety under Trog
 27410 | Orc:1    | Reached XP level 14. HP: 123/129 MP: 13/13
 27444 | Orc:1    | Found Voptifod's Antique Weapon Shoppe.
 27475 | Orc:1    | Noticed Lobster4's ghost (journeyman MiHu)
 27486 | Orc:1    | Noticed an orc warlord
 27539 | Orc:1    | Found a runed translucent gate.
 27560 | Orc:1    | Found a runed translucent gate.
 27560 | Orc:1    | Found a runed translucent gate.
 27751 | Orc:2    | Entered Level 2 of the Orcish Mines
 27751 | Orc:2    | Found a staircase to the Elven Halls.
 28392 | Orc:2    | Noticed an orc warlord
 28577 | Orc:1    | Slain by an orc knight

Illustrated notes

Levels and vault maps discovered:
D:1:      psy_arrival_radial01, layout_loops_ring,
          shapermc_ecumenical_altar_rom_forum
D:2:      layout_basic, minmay_box_of_dots, uniq_terence
D:3:      layout_loops_ring, kennysheep_path_1, uniq_crazy_yiuf_cottage
D:4:      layout_loops_corners, serial_shops, shop, grunt_decor_cap
D:5:      layout_rooms, hangedman_decor_diamond_cutter
D:6:      layout_basic, nicolae_uskayaw_en_pointe, roderic_lattice_a,
          uniq_edmund
D:7:      layout_loops_ring, minmay_temple_entry_mist, enter_bailey_4
D:8:      layout_loops_ring, lair_entry_dummy, serial_shops,
          nicolae_take_the_stairs, gammafunk_ghost_wrathful_warriors,
          serial_ice, serial_ice_e, serial_ice_a, serial_ice_m, serial_ice_k,
          nicolae_specific_store
D:9:      layout_loops_ring, gammafunk_ghost_grave, minmay_misc_feat_chi
D:10:     layout_roguey
D:11:     layout_cave_pods, david_orc_1_choice
Lair:1:   layout_hall_layers, minivault_26, serial_bayou_shore_a
Lair:2:   layout_regular_city, dummy_snake_entry
Lair:3:   layout_cave_pods, nicolae_swamp_entry_splash_gauntlet,
          lemuel_fruit_tree
Lair:4:   layout_gridlike, minmay_slime_entry_oklob_open, gammafunk_ghost_icy
Lair:5:   cheibrodos_lair_end_hotspot, layout_hall_layers
Orc:1:    layout_caves, serial_shops, nicolae_shop_behind_doors,
          biasface_ghost_orc_armoury
Orc:2:    grunt_orc_gardens, layout_caves, grunt_orc_garden, grunt_orc_garden,
          grunt_orc_garden, grunt_orc_garden, nicolae_orc_pool_cavern,
          uniq_saint_roka

Skill      XL: |  1  2  3  4  5  6  7  8  9 10 11 12 13 |
---------------+----------------------------------------+-----
Axes           | 4 5 6 8 9 10 12 14 15 17 | 17.6
Stealth        | 1 2 3 4 5 6 |  6.0
Fighting       | 4 5 6 7 8 9 10 11 13 | 13.1
Staves         | 3 4 |  4.6
Ranged Weapons | 2 6 9 11 12 14 | 14.7
Evocations     | 2 4 6 |  6.4
Armour         | |  2.4
Dodging        | |  2.1

Action                     |  1- 3 |  4- 6 |  7- 9 | 10-12 | 13-15 || total
---------------------------+-------+-------+-------+-------+-------++-------
  Melee: Hand axe          |     4 |       |       |       |       ||     4
         Whip              |    80 |    71 |       |       |       ||   151
         Headbutt          |     8 |    14 |    31 |    86 |    65 ||   204
         Punch             |     1 |     2 |       |       |     1 ||     4
         Quarterstaff      |       |    16 |   176 |       |       ||   192
         War axe           |       |       |    17 |   132 |     4 ||   153
         Battleaxe         |       |       |       |   266 |   236 ||   502
         Flail             |       |       |       |       |     2 ||     2
   Fire: Orcbow            |       |       |    11 |       |       ||    11
         Arbalest          |       |       |    10 |   132 |   175 ||   317
  Throw: Stone             |     3 |       |       |       |       ||     3
         Dart              |       |       |     9 |    10 |     7 ||    26
 Invoke: Berserk           |     2 |     2 |    12 |    21 |    10 ||    47
         Trog's Hand       |       |     2 |     6 |    12 |    14 ||    34
  Evoke: Wand              |       |       |       |     1 |     1 ||     2
    Use: Scroll            |     3 |     3 |     4 |    14 |     5 ||    29
         Potion            |       |       |     2 |     1 |     1 ||     4
   Stab: Sleeping          |     1 |       |       |       |       ||     1
         Distracted        |       |       |     1 |       |       ||     1
         Invisible         |       |       |     1 |       |       ||     1
         Petrifying        |       |       |       |     2 |       ||     2
 Armour: Animal skin       |    29 |       |       |       |       ||    29
         Chain mail        |    19 |    60 |    51 |       |       ||   130
         Ring mail         |       |       |    18 |       |    74 ||    92
         Plate armour      |       |       |   109 |   545 |   188 ||   842
  Dodge: Dodged            |    44 |    30 |    81 |   171 |   162 ||   488

Table legend: (Time is in decaauts)
 A = Elapsed time spent in this place.
 B = Non-inter-level travel time spent in this place.
 C = Inter-level travel time spent in this place.
 D = Time resting spent in this place.
 E = Time spent auto-exploring this place.
 F = Levels seen in this place.
 G = Mean time per level.
                   A        B        C        D        E       F      G
               +--------+--------+--------+--------+--------+-----+--------+
         Total |  29073 |  27914 |   1159 |  13198 |  11040 |  19 | 1530.2 |
       Dungeon |  15170 |  14357 |    813 |   5484 |   6859 |  11 | 1379.1 |
          Lair |  11900 |  11624 |    276 |   6736 |   3685 |   5 | 2380.0 |
  Orcish Mines |   1575 |   1506 |     69 |    758 |    450 |   2 |  787.5 |
        Bailey |    427 |    427 |      0 |    219 |     45 |   1 |  427.0 |
               +--------+--------+--------+--------+--------+-----+--------+

Top non-repeatable levels by time:
  Lair:4: 3906 daAuts
  Lair:3: 2842 daAuts
  Lair:5: 2456 daAuts
     D:9: 2166 daAuts
    D:11: 2131 daAuts
     D:5: 2129 daAuts
     D:8: 1739 daAuts
     D:6: 1543 daAuts
  Lair:2: 1441 daAuts
   Orc:1: 1400 daAuts
  Lair:1: 1254 daAuts
    D:10: 1191 daAuts
     D:4: 987 daAuts
     D:1: 980 daAuts
     D:7: 897 daAuts
